[Event "*** SCC Grand Prix: Titled Tuesday Blitz"]
[Site "Chess.com"]
[Date "2020.07.21"]
[Round "3"]
[White "Agnes66678"]
[Black "pavelalexandru07"]
[Result "1-0"]
[WhiteElo "2476"]
[BlackElo "2132"]
[TimeControl "180+1"]
[EndTime "10:29:39 PDT"]
[Termination "Agnes66678 won on time"]

1. Nf3 c5 2. g3 g6 3. Bg2 Bg7 4. O-O Nc6 5. c3 e5 6. d4 cxd4 7. cxd4 exd4 8. Nbd2 Nge7 9. Nb3 Qb6 10. Bf4 O-O 11. Bd6 Re8 12. Bc5 Qa6 13. Nfxd4 Nxd4 14. Nxd4 Nc6 15. Nb3 Bxb2 16. Rb1 Bg7 17. Bf3 b6 18. Bd4 Nxd4 19. Nxd4 Bb7 20. Bxb7 Qxb7 21. e3 d5 22. Nb5 Rad8 23. Qd2 a6 24. Nd4 Re4 25. Nb3 Qd7 26. Rfd1 Bf6 27. Rbc1 Qe7 28. Rc6 Rd6 29. Rdc1 Ree6 30.
Rc8+ Kg7 31. Nd4 Bxd4 32. Qxd4+ Qf6 33. Qxf6+ Kxf6 34. Ra8 a5 35. Rc7 Rc6 36. Rb7 Re7 37. Rbb8 h5 38. h4 Rd7 39. Kg2 Re6 40. Ra6 Rdd6 41. Rb7 Re7 42. Rbxb6 Rxb6 43. Rxb6+ Ke5 44. Ra6 Rc7 45. Rxa5 Rc2 46. Kf3 Rc1 47. a3 Ra1 48. Ra7 f5 49. Ra6 Ra2 50. Rxg6 Rxa3 51. Kg2 d4 52.
exd4+ Kxd4 53. Rg5 Ke4 54. Rxh5 f4 55. Rh8 f3+ 56.
Kh3 Ra1 57. Re8+ Kf5 58. Rf8+ Ke4 59. Rf4+ Ke5 60. Rxf3 Ke4 61. Rf4+ Ke5 62. Kg4 Ra8 63. Rf5+ Ke4 64. f4 Rg8+ 65. Rg5 Rf8 66. Re5+ Kd3 67.
h5 Rg8+ 68. Kh4 Rh8 69. Re6 Kd4 70. h6 Kd5 71. Rg6 Ke4 72. Kg5 Kf3 73. g4 Kg3 74. f5 Kf3 75. Rg7 Kg3 76. h7 Kh2 77. f6 1-0

[Event "*** SCC Grand Prix: Titled Tuesday Blitz"]
[Site "Chess.com"]
[Date "2020.07.21"]
[Round "3"]
[White "Brave_spirit12"]
[Black "MisiekZielony"]
[Result "1/2-1/2"]
[WhiteElo "2507"]
[BlackElo "2250"]
[TimeControl "180+1"]
[EndTime "10:29:43 PDT"]
[Termination "Game drawn by repetition"]

1. e4 Nf6 2. e5 Nd5 3. d4 d6 4. Nf3 Bg4 5. Bc4 e6 6. O-O Nc6 7. Bxd5 exd5 8. Re1 Be7 9. exd6 Qxd6 10. Nc3 a6 11. Bg5 O-O 12. Bxe7 Nxe7 13. h3 Bh5 14. Re5 Bxf3 15. Qxf3 c6 16. Rae1 Ng6 17. R5e2 Qb4 18. Qe3 a5 19. b3 Qd6 20. Na4 Nf4 21. Rd2 Ne6 22. Nc5 Nxc5 23. dxc5 Qf6 24. Rde2 a4 25.
Qe7 Qxe7 26. Rxe7 axb3 27. axb3 Rfb8 28. Rc7 g6 29. Ree7 Rf8 30. Rxb7 Ra2 31. Rec7 Rxc2 32.
Rxc6 d4 33. Rd6 Rxc5 34. Rxd4 Rf5 35. Rd2 Re8 36. Rb2 Re1+ 37. Kh2 Ree5 38. b4 Re4 39. b5 Rff4 40. g3 Rb4 41. Rd2 Rf5 42. b6 Kg7 43. Rb8 Rc5 44. Rd7 Rcb5 45. b7 Rf5 46. Kg1 Rb1+ 47.
Kg2 Rb2 48. g4 Rfxf2+ 49. Kg3 Rfc2 50. Rbd8 Rc3+ 51. Kh4 Rcb3 52. Rb8 Rh2 53. Kg5 Rhxh3 54. Rc8 Rhf3 55. Rxf7+ Rxf7 56. b8=Q Rxb8 57. Rxb8 h6+ 58. Kh4 Kh7 59. Rb5 Kg7 60. Kg3 Kh7 61. Rb3 Kg7 62. Rd3 Kh7 63. Rc3 Kg7 64. Re3 Kh7 65.
Rd3 Kg7 66. Rd6 Kh7 67. Kh4 Kg7 68. Re6 Kh7 69. Rd6 Kg7 70. Re6 Kh7 71. Rc6 Kg7 72. Rd6 Kh7 73. Re6 Kg7 74. Rd6 Kh7 75. Re6 Kg7 76. Rd6 1/2-1/2

[Event "*** SCC Grand Prix: Titled Tuesday Blitz"]
[Site "Chess.com"]
[Date "2020.07.21"]
[Round "3"]
[White "silverback96"]
[Black "aNaartjieZA"]
[Result "1/2-1/2"]
[WhiteElo "2261"]
[BlackElo "2447"]
[TimeControl "180+1"]
[EndTime "10:29:44 PDT"]
[Termination "Game drawn by agreement"]

1. e4 c5 2. Nf3 d6 3. d4 cxd4 4. Nxd4 Nf6 5. Nc3 a6 6. Bg5 e6 7.
f4 b5 8. e5 h6 9. Bh4 g5 10. fxg5 dxe5 11. Qf3 Nd5 12. Ndxb5 axb5 13. Bxb5+ Bd7 14. O-O-O Rxa2 15. Bxd7+ Nxd7 16. Nxa2 hxg5 17. Rhf1 f5 18. Be1 g4 19. Qb3 Bh6+ 20. Kb1 Qb6 21. Nb4 Ne3 22. Bf2 Nc5 23. Bxe3 Bxe3 24. Qxe3 Qxb4 25. Qxe5 O-O 26. Rf4 Qb6 27. Rd6 Qa7 28.
Rxe6 Nxe6 29. Qxe6+ Kg7 30. Rxf5 Rxf5 31. Qxf5 Qg1+ 32.
Ka2 Qa7+ 33. Kb3 Qb6+ 34. Kc3 Qc6+ 35. Kd3 Qxg2 36. Qe5+ Kh6 37. Qf4+ Kh5 38. b4 Qd5+ 39. Kc3 Qc6+ 40. Kb3 Qd5+ 41. Ka4 Qa8+ 42. Kb5 Qb7+ 43.
Kc5 Qc8+ 44. Kb6 Qxc2 45. b5 Qc8 46. Ka7 Qd7+ 47. Ka6 Qc8+ 48. Ka5 Qd8+ 49. b6 Qa8+ 50.
Kb5 Qd5+ 51. Ka6 Qa8+ 52. Kb5 Qd5+ 53. Kb4 Qb7 54. Qf5+ Kh4 55. Qf4 Qe7+ 56. Kc3 Qc5+ 57. Kd3 Qxb6 58. Qg3+ Kg5 59. Qe5+ Kh4 60. Qg3+ Kh5 61.
Qe5+ Kg6 62. Qg3 Qb3+ 63. Ke4 Qc4+ 64. Ke3 Qe6+ 65. Kf2 Kh5 66. Kg2 Qe4+ 67. Kg1 Kg5 68. Kf2 Qf5+ 69. Kg2 Qc2+ 70. Kg1 Qd1+ 71. Kg2 Qe2+ 72.
Kg1 Qd1+ 73. Kg2 Qe2+ 1/2-1/2

[Event "*** SCC Grand Prix: Titled Tuesday Blitz"]
[Site "Chess.com"]
[Date "2020.07.21"]
[Round "3"]
[White "marianokar"]
[Black "lider34"]
[Result "1-0"]
[WhiteElo "2430"]
[BlackElo "2205"]
[TimeControl "180+1"]
[EndTime "10:29:45 PDT"]
[Termination "marianokar won by checkmate"]

1. e4 c6 2. d4 d5 3. exd5 cxd5 4. Bd3 Nc6 5. c3 Nf6 6. h3 Qc7 7. Nf3 g6 8. O-O Bg7 9. Re1 O-O 10. Be3 Bf5 11. Bf1 a6 12. Nbd2 Rab8 13. a4 Rfe8 14. g3 Na5 15. Bf4 Qd7 16. Bxb8 Rxb8 17. Ne5 Qc7 18.
Bg2 h5 19. Qe2 Re8 20. g4 hxg4 21. hxg4 Bc8 22. g5 Nh5 23. Bxd5 e6 24. Bf3 Nf4 25.
Qe3 Nd5 26. Bxd5 exd5 27. Qg3 Qd8 28. b4 Nc6 29. Nxc6 Rxe1+ 30. Rxe1 bxc6 31. Nf3 Bf5 32. Ne5 Qc8 33. Kg2 Be4+ 34. f3 Bf5 35. a5 Bc2 36.
Ng4 Qd8 37. Qf4 Bf5 38. Nh6+ Bxh6 39. gxh6 Kh7 40. Kg3 Qf6 41. Qh4 Qd6+ 42. f4 Be4 43.
Qg5 Qe6 44. Qe5 Qxe5 45. fxe5 Kxh6 46. Kf4 g5+ 47. Kg4 Kg6 48. Rf1 Bd3 49. Rf6+ Kg7 50.
Rxc6 Bb5 51. Rd6 Bc4 52. Kxg5 Bb3 53. Rxa6 Bc4 54. Rb6 Bd3 55. a6 Bxa6 56. Rxa6 f6+ 57. exf6+ Kf7 58. Kf5 Ke8 59. Ra7 Kf8 60. Kg6 Ke8 61.
f7+ Kf8 62. Ra8+ Ke7 63. f8=Q+ Ke6 64. Qf6+ Kd7 65. Ra7+ Kc8 66. Qh8# 1-0

[Event "*** SCC Grand Prix: Titled Tuesday Blitz"]
[Site "Chess.com"]
[Date "2020.07.21"]
[Round "3"]
[White "Dedic8"]
[Black "mamey78"]
[Result "0-1"]
[WhiteElo "2761"]
[BlackElo "2511"]
[TimeControl "180+1"]
[EndTime "10:29:47 PDT"]
[Termination "mamey78 won by resignation"]

1. e4 e5 2. Nf3 Nc6 3. Bb5 a6 4.
Ba4 Nf6 5. O-O b5 6. Bb3 Be7 7. Re1 O-O 8. a4 d5 9. exd5 Na5 10. Ba2 Nxd5 11. Nxe5 Bb7 12. d4 Nb4 13. Nc3 Nxa2 14. Rxa2 b4 15. Ne4 Bxe4 16. c4 Bc2 17. Qxc2 b3 18.
Qc3 bxa2 19. Bd2 Rb8 20. Qxa5 Rxb2 21. Nc6 Rb1 22. Nxd8 Rxd8 23. Qxc7 a1=Q 24. Qxe7 Rxe1+ 25. Bxe1 Qxd4 26. g3 h6 27. Bc3 Qd1+ 28. Kg2 Qd6 29. Qe4 Rc8 30. Qg4 Qc6+ 31. Kg1 f6 32. c5 Qxc5 33.
Bxf6 Qc1+ 34. Kg2 Qc6+ 35. Kh3 Rc7 36. Be5 Rf7 37. Qe2 Qe6+ 38. Kg2 Qd5+ 39. f3 Re7 40.
Qxa6 Rxe5 41. Qc8+ Kh7 42. Qc2+ g6 43. Qc7+ Kg8 44.
Qc8+ Kg7 45. Qc7+ Kf6 46. Qb6+ Qe6 47. Qd8+ Qe7 48. Qd4 Kf7 49. Qc4+ Qe6 50. Qc7+ Qe7 51. Qc4+ Kg7 52. Qd4 Kh7 53. Qd3 Re2+ 54. Kf1 Re3 55. Qd2 Rxf3+ 56. Kg2 Re3 57. Qd4 Re6 58. a5 Re4 59. Qd5 Re2+ 60. Kf1 Re1+ 61. Kg2 Qe4+ 62. Qxe4 Rxe4 63. a6 Ra4 64. a7 Rxa7 65. Kh3 Ra4 66. g4 g5 67. Kg3 Kg6 68. Kh3 Ra3+ 69. Kg2 Kf6 70. h3 Ke5 71. h4 Kf4 0-1

[Event "*** SCC Grand Prix: Titled Tuesday Blitz"]
[Site "Chess.com"]
[Date "2020.07.21"]
[Round "3"]
[White "tlomigtlis"]
[Black "ENEASZ"]
[Result "0-1"]
[WhiteElo "2375"]
[BlackElo "2597"]
[TimeControl "180+1"]
[EndTime "10:29:51 PDT"]
[Termination "ENEASZ won by checkmate"]

1. d4 Nf6 2. c4 g6 3. Nc3 d5 4. cxd5 Nxd5 5. Nf3 Bg7 6. e4 Nxc3 7. bxc3 c5 8. Rb1 O-O 9. Be2 cxd4 10. cxd4 Qa5+ 11.
Bd2 Qxa2 12. O-O Qe6 13. Bd3 b6 14. d5 Qd7 15. Bb5 Qd8 16. Bf4 Ba6 17. Qa4 Bxb5 18. Qxb5 Nd7 19. Rfc1 Nc5 20. Rc4 f5 21. Ng5 fxe4 22. Be3 Qxd5 23. Nxe4 Rad8 24. Nc3 Bxc3 25. Rxc3 Qd1+ 26. Qf1 Qxf1+ 27. Kxf1 Ne6 28. Rc6 Kf7 29. Ra1 Rd7 30. Ke2 Rb8 31. g3 Rbb7 32. f4 Rbc7 33. Rxc7 Rxc7 34. Kd3 Rd7+ 35. Kc4 h5 36. Kb5 Ng7 37.
Kc6 Rd3 38. Bg1 Rd6+ 39. Kb7 b5 40. Bxa7 b4 41. Bc5 Rd5 42. Kc6 Rd2 43. Bxb4 Rxh2 44.
Re1 Nf5 45. Bc5 Rg2 46. Re5 Rxg3 47. Kd7 Rd3+ 48. Kc6 Rf3 49. Re4 h4 50. Kd7 Rd3+ 51. Kc6 h3 52. Re2 Rf3 53. Rh2 Ke6 54. Re2+ Kf7 55. Rh2 Nh4 56. Kd5 Rb3 57. Kc4 Rf3 58. Kd5 Nf5 59. Ke4 Rc3 60. Kd5 Rb3 61. Kc4 Rg3 62.
Kd5 e6+ 63. Kc4 Rf3 64. Kb5 Rxf4 65. Rxh3 g5 66. Rh7+ Kg6 67. Rh8 g4 68. Rg8+ Kf7 69.
Rg5 Re4 70. Rh5 Kg6 71. Rh1 g3 72. Rg1 Kh5 73. Kc6 Kg4 74. Kd7 Re2 75. Ke8 g2 76. Kf7 Nh4 77. Kf6 Nf3 78. Bb6 Nxg1 79. Bxg1 e5 80.
Bb6 e4 81. Bg1 Kf3 82. Ke5 Re1 83. Bh2 g1=Q 84. Bxg1 Rxg1 85. Kd4 e3 86. Kd3 e2 87. Kd2 Rg2 88. Kd3 Rf2 89. Kd2 Rf1 90. Kd3 e1=Q 91. Kd4 Rf2 92. Kd3 Rd2+ 93. Kc4 Qc1+ 94. Kb3 Rb2+ 95.
Ka3 Qa1# 0-1

[Event "*** SCC Grand Prix: Titled Tuesday Blitz"]
[Site "Chess.com"]
[Date "2020.07.21"]
[Round "3"]
[White "BilguunSu"]
[Black "2346PL"]
[Result "1/2-1/2"]
[WhiteElo "2591"]
[BlackElo "2396"]
[TimeControl "180+1"]
[EndTime "10:29:52 PDT"]
[Termination "Game drawn by repetition"]

1. e4 c5 2. Nf3 Nf6 3. e5 Nd5 4.
Nc3 e6 5. Nxd5 exd5 6. d4 Qb6 7. Bd3 c4 8. Be2 d6 9. O-O Nc6 10. b3 dxe5 11. dxe5 Be6 12. bxc4 dxc4 13. Be3 Qc7 14. Nd4 Nxd4 15. Bxd4 Bc5 16. c3 O-O 17. Rb1 b6 18. Bxc5 Qxc5 19. Qd6 Qxd6 20. exd6 Rfd8 21. Rfd1 Rac8 22.
Rd4 Kf8 23. g4 g5 24. h3 Rc5 25. Rbd1 b5 26. a3 a6 27. Kg2 Ke8 28. Kg3 Kd7 29. f4 gxf4+ 30. Kxf4 Rb8 31. Bf3 Rb6 32. Be4 h6 33. R1d2 a5 34. h4 Rb8 35. Bf3 Rg8 36. Rb2 Rb8 37. Rb1 Rb6 38. Rbd1 Rc8 39. Rb1 Rc5 40.
Rbd1 Rc8 41. Be4 Rc5 42. Bf5 Bxf5 43. gxf5 b4 44. axb4 axb4 45. cxb4 Rxb4 46. Rc1 f6 47. Rc3 h5 48. Re3 Re5 49. Rxe5 fxe5+ 50. Kxe5 Rb5+ 51.
Kf6 Rc5 52. Rd1 c3 53. Kg6 c2 54. Rc1 Kxd6 55. f6 Rc3 56. f7 Rg3+ 57. Kf6 Rf3+ 58. Kg7 Rg3+ 59. Kf8 Rg2 60. Ke8 Re2+ 61. Kd8 Rf2 62.
Ke8 Re2+ 63. Kf8 Ke6 64. Ra1 Rf2 65. Ra6+ Kf5 66. Rc6 Kg4 67. Rc4+ Kg3 68. Kg7 c1=Q 69. Rxc1 Kxh4 70. f8=Q Rxf8 71. Kxf8 Kg3 72. Kg7 h4 73.
Kg6 h3 74. Kg5 h2 75. Rc3+ Kg2 76. Rc2+ Kg3 77. Rc1 Kg2 78. Rc2+ Kg3 79. Rc1 Kg2 80. Rc2+ 1/2-1/2

[Event "*** SCC Grand Prix: Titled Tuesday Blitz"]
[Site "Chess.com"]
[Date "2020.07.21"]
[Round "3"]
[White "Thee-Chessboy"]
[Black "anon569"]
[Result "0-1"]
[WhiteElo "2515"]
[BlackElo "2302"]
[TimeControl "180+1"]
[EndTime "10:29:54 PDT"]
[Termination "anon569 won by resignation"]

1. d4 Nf6 2. c4 e6 3. Nf3 Bb4+ 4. Bd2 c5 5. Bxb4 cxb4 6. a3 bxa3 7. Nxa3 Nc6 8. g3 O-O 9. Bg2 d6 10. O-O e5 11. dxe5 dxe5 12. Nb5 Be6 13. b3 Qb6 14.
Ng5 Bf5 15. Nc3 Rfd8 16. Nd5 Nxd5 17. Bxd5 Bg6 18. Nf3 Be4 19. Bxe4 Rxd1 20. Rfxd1 Rd8 21. Rxd8+ Nxd8 22. Rd1 f6 23. Rd7 Kf8 24. Bxh7 Nc6 25. Nh4 Qxb3 26. Bd3 Nd4 27. Ng6+ Ke8 28. Re7+ Kd8 29.
Rxg7 Qd1+ 30. Kg2 Nxe2 31. Bf5 Nd4 32. Rd7+ Ke8 33. Re7+ Kd8 34. Bh3 Qf3+ 35. Kg1 Qd1+ 36. Kg2 Qf3+ 37. Kg1 Ne2+ 38. Kf1 Nd4 39. Rd7+ Ke8 40.
Kg1 Qd1+ 41. Kg2 Qc2 42. Re7+ Kd8 43. Bd7 f5 44. Bxf5 Qxf5 45. Rg7 Qf3+ 46. Kh3 Ne2 47. Kh4 Qe4+ 48. Kg5 Nd4 49. Rg8+ Kd7 50. Rg7+ Kc6 51.
h4 Kc5 52. h5 Ne6+ 53. Kh6 Nxg7 54. Kxg7 Qg4 55. h6 Qd7+ 56. Kf6 a5 57. Nxe5 Qd6+ 58. Kf5 Qxh6 59. f4 Qh7+ 60. Kg4 a4 61. f5 a3 62. f6 a2 63. f7 Qg7+ 64. Kf4 a1=Q 65. Nd7+ Kd6 66. f8=Q+ Qxf8+ 67. Nxf8 Qf6+ 68. Kg4 Qxf8 0-1

[Event "*** SCC Grand Prix: Titled Tuesday Blitz"]
[Site "Chess.com"]
[Date "2020.07.21"]
[Round "3"]
[White "chigorin28"]
[Black "vinniethepooh"]
[Result "1-0"]
[WhiteElo "2432"]
[BlackElo "2676"]
[TimeControl "180+1"]
[EndTime "10:30:24 PDT"]
[Termination "chigorin28 won by resignation"]

1. e4 c5 2. Nf3 d6 3. c3 Nf6 4. Be2 g6 5. O-O Bg7 6. Re1 O-O 7. Bf1 e5 8. h3 Nc6 9. d4 cxd4 10. cxd4 exd4 11. Nxd4 Re8 12. Nxc6 bxc6 13. Nc3 d5 14. exd5 Rxe1 15. Qxe1 Nxd5 16. Bd2 Be6 17. Rd1 Rb8 18. Nxd5 cxd5 19. Bc3 d4 20. Qe4 Bd5 21. Qf4 dxc3 22.
Rxd5 cxb2 23. Rxd8+ Rxd8 24. Bd3 Rxd3 25. Qb8+ Bf8 26. Qxb2 Rd7 27. Qb8 Kg7 28. g3 f6 29.
Kg2 Rf7 30. Qc8 Bd6 31. Qc6 Be5 32. f4 Bd4 33. a4 Bb6 34. Qd5 Re7 35. h4 h5 36. a5 Be3 37. Qd6 Rf7 38. Kf3 Bc1 39. Qc5 Bd2 40. Qd5 Bb4 41. f5 g5 42. hxg5 Bf8 43. g6 Re7 44. Kg2 Kh8 45. Qd8 Kg7 46. Kh3 Re5 47. Qd7+ Re7 48. Qd3 Re5 49. Qd7+ Re7 50. Qc6 Re5 51. Qb7+ Re7 52. Qb3 Kh8 53. a6 Kg7 54. Qf3 Kh8 55. Qxh5+ Kg8 56. Qf3 Re5 57.
Qb3+ Kh8 58. Qd3 Re7 59. Kg4 Kg7 60. Qd5 Re5 61. Qd7+ Re7 62. Qc8 Re5 63. Qc7+ Re7 64. Qc4 Kh8 65. Kf3 Kg7 66. g4 Re5 67. Qc7+ Re7 68.
Qc4 Kh8 69. g5 Kg7 70. Qd4 Re5 71. Qd7+ Re7 72. gxf6+ Kxf6 73. Qd5 Re5 74. Qf7+ Kg5 75. Qxf8 Ra5 76. g7 Ra3+ 77. Ke4 Ra4+ 78. Ke5 Ra5+ 79.
Kd4 Kf4 80. g8=Q Ra3 81. Kc4 Re3 82. Kb5 Kf3 83. Kc6 Rb3 84. Kc5 Rc3+ 85. Qc4 Re3 86. Qd5+ Kf2 87. Qfd6 Rc3+ 88. Kb5 Rc2 89. Q5c5+ Ke1 90.
Qxc2 Kf1 91. Qcc6 Ke2 92. Qb6 Ke1 93. Qxa7 Ke2 94. Qae7+ Kf3 95. f6 Kg4 96. f7 Kh5 97. Qee5+ Kg4 98. Qdd4+ Kf3 99. Qee3+ 1-0

[Event "*** SCC Grand Prix: Titled Tuesday Blitz"]
[Site "Chess.com"]
[Date "2020.07.21"]
[Round "3"]
[White "Yoshikrov"]
[Black "Pavel_Mir"]
[Result "0-1"]
[WhiteElo "2113"]
[BlackElo "2341"]
[TimeControl "180+1"]
[EndTime "10:30:26 PDT"]
[Termination "Pavel_Mir won by resignation"]

1. e4 e5 2. Nf3 Nc6 3. d4 exd4 4. Nxd4 Bb4+ 5. c3 Bc5 6. Nb3 Be7 7. Be3 Nf6 8. N1d2 O-O 9. Be2 d5 10. exd5 Nxd5 11. Bd4 Nxd4 12. Nxd4 Nf4 13. O-O Bf6 14. N2f3 Bg4 15. h3 Bh5 16. Re1 Re8 17. Qd2 c5 18. Qxf4 cxd4 19. Nxd4 Bg5 20. Qg3 Bd2 21. Red1 Rxe2 22.
Nxe2 Bxe2 23. Rdb1 Qb6 24. b4 Rc8 25. Rb3 a5 26. a4 axb4 27. cxb4 Qe6 28. Rb2 Bc3 29. Rab1 Bxb2 30. Rxb2 h6 31. Qf4 Bc4 32. Kh2 Re8 33. Rd2 Qe5 34. Qxe5 Rxe5 35. Rd4 Bd5 36. a5 g5 37. b5 Be6 38. Rb4 Kg7 39. a6 bxa6 40. b6 Bd5 41. b7 Bxb7 42. Rxb7 a5 43. Ra7 Rb5 44. Ra6 h5 45. Kg3 h4+ 46. Kf3 f6 47. g3 hxg3 48. fxg3 Kg6 49. g4 Rb3+ 50. Kg2 Rb2+ 51.
Kg3 Rb5 52. Kg2 Kf7 53. Kg3 Ke7 54. Kf3 Rb3+ 55. Kg2 Ra3 56. Kh2 a4 57. Kg2 Ra2+ 58. Kg3 a3 59. h4 gxh4+ 60. Kxh4 Ra1 61. Kg3 Kd7 62. Kg2 Kc7 63. Rxf6 Rb1 64. Ra6 Rb2+ 65. Kf3 a2 66. Kf4 Kb7 67. Ra3 Kb6 68. g5 Kb5 69.
g6 Kb4 70. Ra8 Rg2 71. g7 Kb3 72. g8=Q+ Rxg8 73. Rxg8 a1=Q 74. Rb8+ Kc2 75. Rc8+ Kd3 76. Rd8+ Ke2 77. Re8+ Kf2 78. Re4 Qf6+ 79. Kg4 Qf3+ 0-1

[Event "*** SCC Grand Prix: Titled Tuesday Blitz"]
[Site "Chess.com"]
[Date "2020.07.21"]
[Round "3"]
[White "mishanick"]
[Black "Gusarov91"]
[Result "1/2-1/2"]
[WhiteElo "2902"]
[BlackElo "2638"]
[TimeControl "180+1"]
[EndTime "10:30:38 PDT"]
[Termination "Game drawn by agreement"]

1. d4 Nf6 2. c4 c6 3. Nc3 d5 4.
Nf3 a6 5. e3 b5 6. b3 Bg4 7. h3 Bxf3 8. Qxf3 e6 9. Bd2 Nbd7 10.
Bd3 bxc4 11. bxc4 dxc4 12. Bxc4 c5 13. O-O Be7 14. dxc5 Bxc5 15. Qe2 O-O 16. Rfd1 Qe7 17. Rab1 a5 18. e4 Ne5 19. Bb5 Rfd8 20. Bf4 Ng6 21.
Bg3 Bb4 22. Na4 e5 23. Nb6 Rxd1+ 24. Rxd1 Rb8 25. Nd5 Nxd5 26. exd5 Qd6 27. Qc4 h6 28. a4 Nf4 29. Bxf4 exf4 30. Rc1 Rd8 31. Bc6 Qe5 32.
Qd3 Qb2 33. Rb1 Qe5 34. Qc4 Qd6 35. Qe4 g6 36. Rb2 Kg7 37. Re2 Rb8 38. Qd4+ Qf6 39. Qxf6+ Kxf6 40. Re4 g5 41. Kf1 Bd6 42. Bb5 Rc8 43.
Bc6 Rb8 44. Bb5 Rc8 45. Ke2 Rc3 46. Kd2 Bb4 47. Kd1 Bd6 48. Re8 Ra3 49. Rd8 Ke5 50. Bc6 Ra2 51. Re8+ Kf6 52. Re2 Rxe2 53. Kxe2 Bc5 54. f3 Ke5 55. Kd3 f5 56. Kc4 Bb4 57.
Bd7 h5 58. Be8 h4 59. Bd7 Be1 60. Be6 Bb4 61. Kb5 Kd6 62. Kb6 Be1 63. Kb5 Bb4 64.
Bf7 Be1 65. Bg8 Bb4 66. Be6 Be1 67. Kc4 Ke5 68. Kc5 Bb4+ 69. Kc6 Bd6 70. Bc8 Bb4 71.
Ba6 Ba3 72. Bd3 Bb4 73. Bb1 Ba3 74. Ba2 Bb4 75. Kb6 Kd6 76. Kb5 Ba3 77. Bb3 Bb4 78. Ba2 Be1 79. Kc4 Bd2 80. Bb1 Ke5 81. Kc5 Bb4+ 82. Kc6 Bd6 83. Bxf5 Bb4 84. Be4 Ba3 85.
Kb6 Bb4 86. Kc7 Bd6+ 87. Kd7 Bb4 88. Ke8 Kf6 89. Bd3 Bd6 90. Bc4 Bb4 91. Kd7 Ke5 92.
Kc6 Bd6 93. Bb3 Bb4 94. Kd7 Bd6 95. Kd8 Bb4 96. Ke8 Kf6 97. Kd7 Ke5 98. Kc6 Bd6 99. Kb5 Bb4 100. Bc4 Bc3 101. Bd3 Bb4 102. Kc6 1/2-1/2

[Event "*** SCC Grand Prix: Titled Tuesday Blitz"]
[Site "Chess.com"]
[Date "2020.07.21"]
[Round "3"]
[White "a3aki"]
[Black "Chuchofrio1"]
[Result "0-1"]
[WhiteElo "2027"]
[BlackElo "2301"]
[TimeControl "180+1"]
[EndTime "10:30:59 PDT"]
[Termination "Chuchofrio1 won by checkmate"]

1. e4 c5 2. Nf3 Nc6 3. d4 cxd4 4. Nxd4 Nf6 5. Nc3 e5 6. Ndb5 d6 7. Bg5 a6 8. Na3 b5 9. Nd5 Be7 10. Bxf6 Bxf6 11. c3 O-O 12. Nc2 Bg5 13. h4 Bh6 14. g3 Be6 15. Bh3 Ne7 16. Kf1 Nxd5 17. exd5 Bxh3+ 18.
Rxh3 Qc8 19. Kg2 f5 20. Rh1 f4 21. Qd3 f3+ 22. Kh2 Qe8 23. Rhe1 Qh5 24. Re4 Bf4 25.
Kg1 Rf6 26. Kf1 Bh6 27. Ne3 Bxe3 28. Qxe3 Qf5 29. Ke1 Qd7 30. Kd2 a5 31. g4 b4 32. g5 bxc3+ 33. Qxc3 Rf5 34. Rc4 Rb8 35. b3 Rf7 36. Rc1 g6 37. Rc8+ Rxc8 38. Qxc8+ Qxc8 39. Rxc8+ Kg7 40. Rd8 Rf4 41. Rxd6 Rxh4 42. Rf6 Rd4+ 43. Ke3 Rxd5 44. Kxf3 Rd2 45. a4 Rd3+ 46. Ke4 Rxb3 47. Kxe5 Rb4 48. Rf4 Rb7 49. Kd5 Rd7+ 50. Kc6 Re7 51. Rc4 Re6+ 52. Kb5 Re5+ 53. Rc5 Re2 54. f4 Re4 55. Kxa5 Rxf4 56. Kb5 Rf1 57. a5 Rb1+ 58. Kc6 Kf7 59. a6 Ke7 60. a7 Ra1 61. Kb6 Rb1+ 62. Kc7 Ra1 63. Kb7 Kd6 64. Rb5 Ke6 65.
a8=Q Rxa8 66. Kxa8 Kf7 67. Kb7 Kg7 68. Rd5 h6 69.
Rd7+ Kg8 70. gxh6 Kh8 71. Kc6 g5 72. Kd6 g4 73. Ke6 g3 74. Kf6 g2 75. Kg6 g1=Q+ 76.
Kh5 Qh1+ 77. Kg6 Qg2+ 78. Kf6 Qf3+ 79. Ke7 Qe4+ 80. Kd8 Qa8+ 81. Ke7 Qa3+ 82. Kd8 Qa5+ 83. Ke8 Qe5+ 84. Kd8 Qb8+ 85. Ke7 Qe5+ 86. Kd8 Qf6+ 87. Re7 Qxh6 88. Re8+ Kg7 89. Re7+ Kf8 90. Re8+ Kf7 91. Re7+ Kf6 92. Rd7 Qf8+ 93. Kc7 Ke6 94. Rd8 Qc5+ 95. Kb8 Qb6+ 96. Kc8 Qc6+ 97. Kb8 Ke7 98. Rc8 Qb5+ 99. Kc7 Qc5+ 100. Kb7 Qb4+ 101. Kc6 Qa4+ 102. Kb7 Kd6 103. Kb6 Qb4+ 104. Ka7 Kd7 105. Rb8 Qa5+ 106. Kb7 Kd6 107. Rc8 Qb5+ 108. Ka7 Qb4 109. Rb8 Qa5+ 110. Kb7 Kd7 111. Rc8 Qb5+ 112. Ka7 Kxc8 113. Ka8 Qb7# 0-1

[Event "*** SCC Grand Prix: Titled Tuesday Blitz"]
[Site "Chess.com"]
[Date "2020.07.21"]
[Round "4"]
[White "Bastiandash"]
[Black "BeanScreen"]
[Result "0-1"]
[WhiteElo "2353"]
[BlackElo "2689"]
[TimeControl "180+1"]
[EndTime "10:32:55 PDT"]
[Termination "BeanScreen won by checkmate"]

1. d4 d5 2. Nf3 Nf6 3. Bg5 Ne4 4. Bf4 Bf5 5. Nbd2 e6 6. e3 c5 7. Nxe4 Bxe4 8. Bd3 Bg6 9. Ne5 Bd6 10. Bb5+ Kf8 11.
O-O a6 12. Be2 Nc6 13. Nxg6+ hxg6 14. Bxd6+ Qxd6 15. c3 Qxh2# 0-1

[Event "*** SCC Grand Prix: Titled Tuesday Blitz"]
[Site "Chess.com"]
[Date "2020.07.21"]
[Round "4"]
[White "deep306"]
[Black "cancrushyou"]
[Result "1-0"]
[WhiteElo "2578"]
[BlackElo "2355"]
[TimeControl "180+1"]
[EndTime "10:33:07 PDT"]
[Termination "deep306 won by resignation"]

1. d4 d5 2. c4 e6 3. Nc3 Bb4 4. cxd5 exd5 5. Bf4 c6 6. e3 Ne7 7. Bd3 O-O 8. Ne2 f6 9. Qc2 g6 10. h4 Bf5 11. Bxf5 Nxf5 12. h5 Bd6 13. hxg6 hxg6 14. g4 Ne7 15. O-O-O Kg7 16. Bh6+ 1-0

[Event "*** SCC Grand Prix: Titled Tuesday Blitz"]
[Site "Chess.com"]
[Date "2020.07.21"]
[Round "4"]
[White "PavelShkapenko"]
[Black "Karacsonyi_Gellert"]
[Result "1-0"]
[WhiteElo "2627"]
[BlackElo "2456"]
[TimeControl "180+1"]
[EndTime "10:33:08 PDT"]
[Termination "PavelShkapenko won by resignation"]

1. e4 c5 2. c3 Nf6 3. e5 Nd5 4.
d4 cxd4 5. cxd4 e6 6. Nc3 Nxc3 7. bxc3 d6 8. f4 Nc6 9. Bd3 Be7 10. Nh3 O-O 11.
O-O b6 12. Qh5 g6 13. Qh6 Bb7 14. Bd2 dxe5 15. fxe5 Qd5 16. Nf4 Qd8 17. Nh5 1-0

[Event "*** SCC Grand Prix: Titled Tuesday Blitz"]
[Site "Chess.com"]
[Date "2020.07.21"]
[Round "4"]
[White "andy_rekt"]
[Black "MashaFromRussia"]
[Result "1-0"]
[WhiteElo "2237"]
[BlackElo "2397"]
[TimeControl "180+1"]
[EndTime "10:33:19 PDT"]
[Termination "andy_rekt won by resignation"]

1. d4 Nf6 2. c4 g6 3. Nc3 Bg7 4. e4 d6 5. Nge2 O-O 6. Ng3 c5 7. d5 e6 8. Be2 exd5 9. cxd5 Na6 10. O-O Nc7 11. Bg5 Re8 12. Qd2 a6 13. a4 Rb8 14. f4 b5 15. axb5 axb5 16. e5 dxe5 17. d6 exf4 18. dxc7 Qxd2 19. cxb8=Q Bg4 20. Qxf4 1-0

[Event "*** SCC Grand Prix: Titled Tuesday Blitz"]
[Site "Chess.com"]
[Date "2020.07.21"]
[Round "4"]
[White "chessfrendz"]
[Black "Gulkov_Igor"]
[Result "1-0"]
[WhiteElo "2261"]
[BlackElo "2394"]
[TimeControl "180+1"]
[EndTime "10:33:24 PDT"]
[Termination "chessfrendz won by resignation"]

1. d4 Nf6 2. Nf3 g6 3. c4 Bg7 4. Nc3 d6 5. e4 O-O 6. Be2 e5 7.
O-O Nc6 8. d5 Ne7 9. Ne1 Nd7 10.
Be3 f5 11. f3 f4 12. Bf2 g5 13. a4 a5 14. Nd3 b6 15. Nb5 Nf6 16. b4 axb4 17. Nxb4 g4 18. Nc6 Nxc6 19. dxc6 g3 20. hxg3 Nh5 21. gxf4 exf4 22. Qd5+ 1-0

[Event "*** SCC Grand Prix: Titled Tuesday Blitz"]
[Site "Chess.com"]
[Date "2020.07.21"]
[Round "4"]
[White "OnePeculiarConundrum"]
[Black "Skatchkov_V"]
[Result "0-1"]
[WhiteElo "2344"]
[BlackElo "2588"]
[TimeControl "180+1"]
[EndTime "10:33:29 PDT"]
[Termination "Skatchkov_V won by resignation"]

1. e4 e5 2. Nf3 Nf6 3. Nxe5 d6 4. Nf3 Nxe4 5. d4 d5 6. Bd3 Bd6 7. O-O O-O 8. c4 c6 9. Re1 Bf5 10. Nbd2 Nxf2 11. Kxf2 Bxd3 12. cxd5 cxd5 13. Nb3 Be4 14. Bg5 Bxf3 0-1

[Event "*** SCC Grand Prix: Titled Tuesday Blitz"]
[Site "Chess.com"]
[Date "2020.07.21"]
[Round "4"]
[White "IANOV0007"]
[Black "Jojo_1608"]
[Result "1-0"]
[WhiteElo "2421"]
[BlackElo "2241"]
[TimeControl "180+1"]
[EndTime "10:33:32 PDT"]
[Termination "IANOV0007 won by resignation"]

1. Nf3 Nf6 2. g3 g6 3. b3 Bg7 4.
Bb2 O-O 5. Bg2 d6 6. d4 c5 7.
O-O Qc7 8. c4 Bg4 9. Nc3 Nc6 10.
d5 Ne5 11. Nd2 a6 12. h3 Bf5 13. f4 Ned7 14. e4 1-0

[Event "*** SCC Grand Prix: Titled Tuesday Blitz"]
[Site "Chess.com"]
[Date "2020.07.21"]
[Round "4"]
[White "GiantThresher"]
[Black "LuisFSiles"]
[Result "0-1"]
[WhiteElo "2469"]
[BlackElo "2340"]
[TimeControl "180+1"]
[EndTime "10:33:50 PDT"]
[Termination "LuisFSiles won by resignation"]

1. e4 c5 2. Nc3 Nc6 3. Bb5 Nd4 4. Nf3 Nxb5 5. Nxb5 g6 6. d4 Bg7 7. e5 Nh6 8. dxc5 Qa5+ 9. Nc3 Qxc5 10. Qd5 d6 11.
exd6 Bxc3+ 0-1